 Dungeon Crawl Stone Soup version 0.17-a0-1887-g3e50df6 (webtiles) character file.

189 mcbry74 the Ruffian (level 5, -4/50 HPs)
             Began as a Troll Monk on Sept 23, 2015.
             Killed from afar by Ijyb (25 damage)
             ... with a wand of fire
             ... on level 3 of the Dungeon.
             The game lasted 00:15:29 (1642 turns).

mcbry74 the Ruffian (Troll Monk)                    Turns: 1642, Time: 00:15:29

Health: -4/50      AC:  5    Str: 19    XL:     5   Next: 40%
Magic:  4/4        EV: 11    Int:  7    God:
Gold:   129        SH:  0    Dex: 12    Spells: 0 memorised, 4 levels left

rFire  . . .     SeeInvis .       - Unarmed
rCold  . . .     Clarity  .     a - +0 robe
rNeg   . . .     SustAt   .     (no shield)
rPois  .         Gourm    +     (helmet restricted)
rElec  .         Spirit   .     (no cloak)
rCorr  .         Warding  .     (gloves unavailable)
rMut   .         Stasis   .     (boots unavailable)
MR     .....                    (no amulet)
Stlth  +.........               (no ring)
                                (no ring)

@: not resistant to hostile enchantments, very unstealthy
A: unfitting armour, claws 3, fast metabolism 3, gourmand, regeneration 2,
shaggy fur 1, tough skin 2
a: no special abilities


You were on level 3 of the Dungeon.
You were full.

You visited 1 branch of the dungeon, and saw 3 of its levels.

You collected 129 gold pieces.

Inventory:

Armour
 a - a +0 robe (worn)
Jewellery
 j - an uncursed ring of stealth {unknown}
Scrolls
 d - a scroll of identify {unknown}
 f - 3 scrolls of teleportation
Potions
 c - a potion of might {unknown}
 e - 2 potions of curing
 g - a potion of resistance {unknown}
 k - a potion of ambrosia {unknown}
 m - a potion of flight {unknown}
 n - a potion of lignification {unknown}
 o - 2 potions of haste {unknown}
Books
 l - a book of Summonings

   Spells                             Type                      Level
   a - Recall                         Summoning/Translocation      3
   b - Aura of Abjuration             Summoning                    5
   c - Shadow Creatures               Summoning                    5
   d - Summon Demon                   Summoning                    5
   e - Summon Forest                  Summoning/Translocation      5
   f - Summon Mana Viper              Hexes/Summoning              5
Comestibles
 b - 5 bread rations
 h - 2 chunks of flesh
 i - 3 meat rations


   Skills:
 - Level 2.7 Fighting
 + Level 3.3 Dodging
 - Level 1.1 Stealth
 * Level 5.9 Unarmed Combat


You had 4 spell levels left.
You didn't know any spells.

Dungeon Overview and Level Annotations

Branches:
Dungeon (3/15)

Altars:
Qazlal

Annotations:
D:3 Ijyb


Innate Abilities, Weirdness & Mutations

You are too large for most types of armour.
You have claws for hands.
Your metabolism is lightning-fast.
You like to eat raw meat.
You heal very quickly.
You are covered in fur (AC +1).
You have very tough skin (AC +2).


Message History

You scratch the giant newt.
The giant newt is heavily wounded.
The giant newt bites you.
You claw the giant newt!
You kill the giant newt!
You claw the ball python!
You kill the ball python!
A rat comes into view.
You claw the rat!
You kill the rat!
You see here a rat corpse.
You butcher the rat corpse.
h - 2 chunks of flesh (gained 1) Ijyb the Twisted Goblin comes into view.
He is wielding a dagger.
Ijyb shouts!
Ijyb zaps a wand.
The bolt of fire hits you!
It is a wand of fire.
Ijyb zaps a wand.
The bolt of fire hits you!
Ijyb zaps a wand.
The bolt of fire hits you!
Ouch! That really hurt!
You die...

... +.. #.#### #....
#... #.. #g#####
#@....######.
#............
#.###.###
######+.###.#
.....$......########
####.....##........#
###############.#
#.##### #......


You could see Ijyb.

Vanquished Creatures
  An orc wizard (D:3)
  A gnoll (D:1)
  6 adders
  2 oozes
  4 worms
  A giant gecko (D:3)
  8 orcs (D:3)
  A ball python (D:3)
  3 giant cockroaches
  9 hobgoblins
  9 bats
  4 giant newts
  12 goblins
  6 kobolds
  6 rats
73 creatures vanquished.

Notes
Turn   | Place    | Note
--------------------------------------------------------------
     0 | D:1      | mcbry74 the Troll Monk began the quest for the Orb.
     0 | D:1      | Reached XP level 1. HP: 22/22 MP: 0/0
    61 | D:1      | Reached XP level 2. HP: 27/29 MP: 1/1
   301 | D:1      | Reached XP level 3. HP: 31/36 MP: 2/2
   552 | D:1      | Reached skill level 5 in Unarmed Combat
   913 | D:2      | Reached XP level 4. HP: 44/44 MP: 3/3
  1170 | D:2      | Found a stormy altar of Qazlal.
  1390 | D:3      | Reached XP level 5. HP: 48/50 MP: 4/4
  1638 | D:3      | Noticed Ijyb
  1642 | D:3      | Killed from afar by Ijyb

Vault maps used:
D:1:      dpeg_arrival_tiny_d, hangedman_feature_mirror, corner_web_ring,
          hangedman_decor_peaks_small
D:2:      nicolae_qazlal_eye_of_the_storm
D:3:      first_bread, minivault_11, uniq_iyjb

Action                   |  1- 3 |  4- 6 || total
-------------------------+-------+-------++-------
Melee: Unarmed           |    80 |   118 ||   198
  Use: Scroll            |     1 |       ||     1
       Potion            |       |     2 ||     2
 Stab: Sleeping          |     1 |     6 ||     7
  Eat: Chunk             |     7 |    11 ||    18
